AoeStats
← coryalan97

Nomad

505017197Analyzed
2v2 RM · 25d ago on Sep 7, 2026· 31m 54s· 4 players
Game mode
Random Map
Map size
176×176
Population
200
Speed
Normal
Resources
Standard
Victory
Conquest
Starting age
Dark Age
Ending age
Imperial Age
RankedLock teamsTeams togetherTeam positionsShared explorationLock speedFull tech treeHidden civsTurbo modeCheats
Victory
Defeat
🇨🇳 Burgundians · China
1080
+16
🇹🇷 Hindustanis · Türkiye
1033
+18
🇨🇴 Saracens · Colombia
1085
-17
🇺🇸 Ethiopians · United States
1067
-17
coryalan97
4:00 Loom
14:06 Feudal Age
14:09 Man-at-Arms
18:18 Forging
21:47 Arson
29:09 Castle Age
28:39 Scale Mail Armor
archarry86
7:06 Loom
14:44 Feudal Age
18:06 Double-Bit Axe
18:04 Horse Collar
22:51 Castle Age
21:27 Wheelbarrow
27:05 Scale Barding Armor
29:36 Treadmill Crane
ugurcena91
3:40 Loom
16:19 Feudal Age
17:37 Wheelbarrow
17:26 Double-Bit Axe
我是小菜鸡
12:20 Double-Bit Axe
19:03 Feudal Age
17:52 Gold Mining
18:19 Fishing Lines
21:16 Bow Saw
21:57 Scale Barding Armor
23:54 Castle Age
22:29 Forging
22:12 Gillnets
24:05 Gold Shaft Mining
23:58 Cavalier
26:37 Chain Barding Armor
28:57 Husbandry
30:19 Iron Casting
Connection lost

Rejoining the realm…

Still unreachable

The connection could not be restored.

Session expired

The server has moved on; the page needs a fresh start.